 Dungeon Crawl Stone Soup version 0.20-a0-493-g19c8d8d (webtiles) character file.

64 Faca the Skirmisher (level 3, 0/30 HPs)
             Began as a Demonspawn Abyssal Knight on Jan 16, 2017.
             Was a Follower of Lugonu.
             Slain by a killer bee (6 damage)
             ... on level 3 of the Dungeon.
             The game lasted 00:04:46 (1651 turns).

Faca the Skirmisher (Demonspawn Abyssal Knight)     Turns: 1651, Time: 00:04:46

Health: 0/30       AC:  7    Str: 14    XL:     3   Next: 91%
Magic:  5/5        EV: 11    Int: 13    God:    Lugonu [*.....]
Gold:   56         SH:  0    Dex: 13    Spells: 2/2 levels left

rFire    . . .     SeeInvis .   a - +2 hand axe
rCold    . . .     Gourm    .   e - +0 ring mail
rNeg     . . .     Faith    .   (no shield)
rPois    .         Spirit   .   (no helmet)
rElec    .         Reflect  .   (no cloak)
rCorr    .         Harm     .   (no gloves)
MR       .....                  (no boots)
Stlth    +.........             (no amulet)
Regen    0.1/turn               (no ring)
                                h - +2 ring of strength

@: lethally poisoned (0 -> -2)
A: talons 1, thin metallic scales 1
a: Depart the Abyss, Renounce Religion


You were on level 3 of the Dungeon.
You worshipped Lugonu.
Lugonu was aware of your devotion.
You were not hungry.

You visited 1 branch of the dungeon, and saw 3 of its levels.
You visited the Abyss 1 time.

You collected 56 gold pieces.

Inventory:

Hand Weapons
 a - a +2 hand axe (weapon)
Armour
 e - a +0 ring mail (worn)
Jewellery
 h - a +2 ring of strength (left hand)
Scrolls
 b - a scroll of amnesia
 f - 2 scrolls of remove curse
 i - a scroll of enchant weapon
Potions
 d - a potion of heal wounds {unknown}
 j - a potion of cancellation
 k - a potion of curing {unknown}
 l - a potion of haste {unknown}
Comestibles
 c - a bread ration
 g - a meat ration


   Skills:
 + Level 3.7 Fighting
 + Level 2.4 Axes
 + Level 2.1 Armour
 + Level 1.5 Dodging
 + Level 0.2 Stealth
 + Level 2.9 Invocations


You had 2 spell levels left.
You didn't know any spells.

Dungeon Overview and Level Annotations

Branches:
Dungeon (3/15)

Altars:


Innate Abilities, Weirdness & Mutations

You have sharp toenails.
You are partially covered in thin metallic scales. (AC +2)


Message History

The killer bee is moderately wounded.
The killer bee stings you. The killer bee closely misses you. x2
A bat comes into view.
You closely miss the killer bee.
The killer bee is lightly wounded.
The killer bee closely misses you. x2
You hit the killer bee.
The killer bee is lightly wounded.
You completely miss the worm.
You feel sick. The killer bee barely misses you. The killer bee stings you.
The worm bites you but does no damage.
You miss the killer bee. Your kick misses the killer bee.
The killer bee is lightly wounded.
You hit the worm. The killer bee closely misses you. x2
The killer bee stings you.
* * * LOW HITPOINT WARNING * * *
You slash the killer bee!
You claw the killer bee, but do no damage.
The killer bee is severely wounded.
You hit the worm.
You feel sick. The killer bee stings you.
You die...

#.# #.# ... .
#)#
..#####.##
.w....!..
........###.#
#w.<...#
#@###..# #y#
.# #y# #


byy #.# #%# ..( ..# You could see a worm, 4 killer bees and a bat.

Vanquished Creatures
  An adder (D:2)
  2 worms
  3 leopard geckos (D:2)
  6 bats
  2 giant cockroaches
  11 goblins
  5 hobgoblins
  2 jackals (D:1)
  2 frilled lizards
  5 kobolds
  2 rats
41 creatures vanquished.

Notes
Turn   | Place    | Note
-------+----------+-------------------------------------------
     0 | Abyss:1  | Faca the Demonspawn Abyssal Knight began the quest for the Orb.
     0 | Abyss:1  | Reached XP level 1. HP: 18/18 MP: 2/2
    37 | Abyss:1  | Found a corrupted altar of Lugonu.
    50 | Abyss:1  | Noticed a chaos spawn
    51 | D:1      | Escaped the Abyss
   142 | D:1      | Reached * piety under Lugonu
   162 | D:1      | Reached skill level 1 in Dodging
   190 | D:1      | Gained mutation: You are partially covered in thin metallic scales. (AC +2) [demonic ancestry]
   190 | D:1      | Reached XP level 2. HP: 8/24 MP: 4/4
  1065 | D:2      | Gained mutation: You have sharp toenails. [demonic ancestry]
  1065 | D:2      | Reached XP level 3. HP: 29/29 MP: 5/5
  1641 | D:3      | Noticed a killer bee
  1641 | D:3      | Noticed a killer bee
  1641 | D:3      | Noticed a killer bee
  1642 | D:3      | Noticed a killer bee
  1651 | D:3      | Slain by a killer bee

Vault maps used:
D:1:      scummos_arrival_simple_crosswalls
D:3:      uniq_jessica

Skill      XL: |  1  2 |
---------------+-------+-----
Dodging        | 1 |  1.5
Armour         | 2 |  2.1
Axes           | 2 |  2.4
Fighting       | |  3.7
Stealth        | |  0.2
Invocations    | |  2.9

Action                   || total
-------------------------++-------
Melee: Hand axe          ||   137
       Kick              ||    18
Invok: Depart the Abyss  ||     1
  Use: Scroll            ||     7
  Eat: Bread ration      ||     1
Armor: Ring mail         ||    70
Dodge: Dodged            ||   110
